Map: Ulrena

Players

Dynamite

  • Race: Terran Terran
  • League: Platinum

Frozzen - Winner!

  • Race: Zerg Zerg
  • League: Platinum

VOD

Have the link to the VOD?

Description

Time

  • Played on: Nov. 17, 2015, 10:51 p.m.
  • Length: 13:11
Show
View Real Time Build Order
Export as new Build Order

Dynamite Terran 

Build Orders:  

Get SALT Encoding   

  12  0:02  SCV  
  13  0:14  SCV  
  13  0:19  Supply Depot  
  14  0:26  SCV  
  15  0:41  SCV  
  16  0:53  SCV  
  16  0:54  Barracks  
  17  1:05  SCV  
  18  1:15  Barracks  
  18  1:18  Barracks  
  18  1:20  SCV  
  19  1:31  Barracks  
  19  1:36  Supply Depot  
  19  1:41  Marine  
  19  1:45  SCV  
  21  1:57  Orbital Command  
  21  2:01  Marine  
  21  2:02  Marine  
  21  2:06  Marine  
  24  2:18  Marine  
  24  2:19  Marine  
  24  2:20  Marine  
  27  2:23  Marine  
  27  2:27  Supply Depot  
  28  2:36  Marine  
  29  2:37  Marine  
  29  2:38  Marine  
  31  2:49  SCV, Marine  
  33  2:53  Marine  
  33  2:55  Marine  
  33  2:56  Marine  
  32  3:12  Marine x2  
  30  3:13  Marine x2  
  28  3:41  Marine x3  
  28  3:42  Marine  
  27  3:52  SCV  
  25  4:04  Supply Depot, SCV  
  25  4:05  Supply Depot, Barracks  
  19  4:15  Command Center  
  19  4:16  SCV  
  20  4:29  SCV  
  20  4:41  SCV  
  21  4:52  Marine  
  22  4:55  SCV  
  22  4:59  Refinery  
  23  5:07  SCV  
  23  5:10  Marine  
  25  5:25  Refinery  
  25  5:26  Marine  
  25  5:27  Marine x2  
  28  5:29  Orbital Command  
  28  5:41  SCV  
  29  5:52  Marine  
  29  5:53  SCV  
  29  5:54  Marine  
  29  5:55  Marine x2  
  29  5:56  Marine  
  35  6:01  Orbital Command  
  35  6:05  SCV  
  36  6:21  SCV  
  37  6:26  Factory  
  37  6:33  SCV  
  38  6:48  Barracks Tech Lab  
  38  6:49  Supply Depot  
  38  6:50  Barracks Reactor  
  38  6:51  SCV x2  
  40  6:56  Refinery, Marine  
  40  6:57  Refinery, Marine x2  
  43  7:03  SCV x2  
  45  7:09  Marauder  
  45  7:10  Factory Tech Lab, Stimpack  
  45  7:11  Starport  
  45  7:15  SCV x2  
  49  7:27  SCV  
  48  7:41  Marauder, Marine x2  
  52  7:48  Bunker  
  52  7:54  SCV x2  
  54  8:02  Medivac  
  54  8:03  Siege Tank  
  59  8:06  SCV x2  
  59  8:07  Marine x2  
  59  8:08  Marine  
  59  8:12  Marine  
  64  8:14  Marine  
  64  8:15  Marauder  
  67  8:24  Supply Depot  
  67  8:25  Supply Depot, Marine x2  
  69  8:35  Siege Tank  
  69  8:37  Starport Reactor  
  72  8:51  Barracks Reactor  
  72  9:01  Barracks Reactor  
  72  9:02  Supply Depot  
  72  9:04  Supply Depot  
  72  9:11  Command Center, Barracks Reactor  
  67  9:30  Siege Tank  
  67  9:38  Marine x5  
  68  9:39  Marauder, Marine  
  61  9:59  Marine x4  
  61  10:00  Marine x4  
  61  10:01  Medivac, Marauder  
  61  10:02  Siege Tank, Medivac  
  75  10:26  Marine x6  
  75  10:27  Marauder, Marine x2  
  85  10:40  Siege Tank  
  88  10:43  Marine  
  88  10:44  Marine  
  72  11:00  Marine x4  
  72  11:01  Marine x2  
  72  11:02  Marauder  
  79  11:12  Siege Tank  
  79  11:17  Medivac x2  
  86  11:31  Combat Shields  
  86  11:35  Engineering Bay  
  86  11:39  Refinery  
  86  11:40  Engineering Bay  
  86  11:41  Refinery  
  86  11:44  Siege Tank  
  89  11:48  Orbital Command  
  89  11:53  Marine x2  
  89  11:54  Marine  
Show
View Real Time Build Order
Export as new Build Order

Frozzen Zerg - Winner!

Build Orders: Hatch First 

Get SALT Encoding   

  12  0:00  Drone  
  13  0:12  Overlord  
  13  0:17  Drone  
  14  0:30  Drone x2  
  16  0:50  Hatchery  
  16  0:53  Drone  
  17  0:57  Drone  
  17  1:00  Drone  
  18  1:14  Spawning Pool  
  18  1:18  Drone  
  18  1:23  Drone  
  19  1:29  Drone, Extractor  
  19  1:38  Overlord  
  19  1:50  Drone  
  20  2:01  Queen x2  
  20  2:02  Zergling x4  
  26  2:12  Spine Crawler, Zergling x2  
  26  2:17  Zergling x2  
  27  2:25  Drone x2  
  29  2:33  Drone  
  29  2:34  Metabolic Boost  
  30  2:42  Drone  
  30  2:48  Spine Crawler  
  29  2:55  Zergling x6  
  30  3:03  Zergling x2  
  31  3:09  Zergling x4  
  31  3:11  Zergling x6  
  31  3:12  Zergling x2  
  33  3:23  Zergling x6  
  30  3:27  Zergling x2  
  24  3:43  Drone x3  
  24  3:54  Zergling x4  
  23  4:00  Drone  
  24  4:09  Drone  
  25  4:10  Drone  
  25  4:14  Drone  
  26  4:20  Drone  
  26  4:22  Zergling x2  
  28  4:32  Drone  
  28  4:33  Drone  
  30  4:41  Drone  
  30  4:42  Queen x2  
  30  4:44  Overlord  
  35  4:51  Overlord  
  35  5:03  Drone x2  
  37  5:10  Roach Warren, Drone  
  37  5:16  Drone x2  
  39  5:24  Drone  
  39  5:25  Lair  
  40  5:28  Extractor  
  40  5:30  Evolution Chamber  
  40  5:32  Evolution Chamber  
  40  5:33  Drone x2  
  39  5:42  Drone  
  40  5:43  Drone  
  41  5:52  Hatchery  
  41  5:53  Drone  
  41  5:54  Drone x3  
  41  5:55  Drone x2  
  41  5:56  Drone  
  47  6:00  Overlord  
  47  6:07  Zerg Missile Weapons Level 1  
  47  6:12  Drone  
  47  6:13  Drone  
  47  6:17  Drone  
  50  6:18  Extractor  
  50  6:20  Extractor  
  48  6:28  Roach x2  
  48  6:29  Roach x4  
  59  6:49  Drone  
  59  6:51  Overlord x2  
  59  6:52  Overlord x2  
  60  7:04  Zerg Ground Armor Level 1  
  60  7:09  Glial Reconstitution  
  60  7:10  Hydralisk Den  
  60  7:12  Drone x2  
  60  7:13  Drone  
  60  7:14  Drone x4  
  66  7:29  Drone x6  
  68  7:37  Overseer  
  68  8:02  Zerg Missile Weapons Level 2  
  68  8:03  Hydralisk, Muscular Augments  
  68  8:04  Hydralisk x4  
  78  8:15  Hatchery, Hydralisk x2  
  78  8:17  Overlord x2  
  81  8:26  Hydralisk x3  
  87  8:28  Zergling x6  
  90  8:40  Ravager  
  92  8:41  Ravager  
  92  8:46  Zergling x2  
  92  8:47  Zergling x14  
  100  8:55  Drone  
  101  8:56  Drone x5  
  101  9:02  Zerg Ground Armor Level 2  
  106  9:09  Drone  
  107  9:10  Drone x6  
  113  9:22  Queen  
  111  9:33  Spine Crawler  
  111  9:35  Spore Crawler, Queen  
  111  9:38  Spore Crawler  
  110  9:41  Drone x2, Spine Crawler  
  110  9:42  Drone x4, Extractor  
  110  9:43  Drone x2, Extractor  
  110  9:44  Roach  
  101  10:11  Queen  
  103  10:15  Lurker Den, Infestation Pit  
  103  10:20  Drone x2  
  104  10:30  Hydralisk x2  
  104  10:31  Hydralisk x5  
  104  10:34  Overlord x6  
  118  10:46  Roach  
  120  10:53  Hatchery  
  111  10:59  Ravager, Roach  
  111  11:00  Roach x11  
  136  11:11  Spine Crawler  
  135  11:13  Roach  
  135  11:14  Roach x5  
  135  11:18  Pathogen Glands  
  147  11:22  Hive  
  147  11:36  Overseer  
  147  11:49  Hydralisk  
  147  11:50  Hydralisk x4  
  147  11:52  Roach x5  
  147  11:53  Overlord  
  147  11:54  Overlord  
  167  11:57  Lurker  
  157  12:18  Hydralisk  
  157  12:19  Hydralisk x9  
  175  12:48  Drone x2  
  175  12:49  Drone, Extractor  
  175  12:50  Spore Crawler, Extractor  
  175  12:51  Spine Crawler  
Tags
 
Matchup
TvZ
Replay Pack
21-11-15
Add a new tag
Caveats
  • Supply blocks, unpowered buildings, or Contaminate may cause inaccurate times.
  • Supply counts are checked every 10 seconds.